Map: Ruins of Seras

Players

Eternity

  • Race: Terran Terran
  • League: Gold

Sneaky - Winner!

  • Race: Protoss Protoss
  • League: Gold

VOD

Have the link to the VOD?

Description

Time

  • Played on: Sept. 12, 2015, 4:03 a.m.
  • Length: 24:07
Show
View Real Time Build Order
Export as new Build Order

Eternity Terran 

Build Orders: Reaper Expand, MMM Bio 

Get SALT Encoding   

  12  0:01  SCV  
  13  0:13  SCV  
  14  0:19  Supply Depot  
  14  0:25  SCV  
  15  0:38  Refinery  
  15  0:43  Barracks  
  15  0:44  SCV  
  16  0:57  SCV  
  17  1:10  SCV  
  18  1:25  SCV  
  19  1:31  Reaper  
  20  1:40  Orbital Command  
  20  1:50  Command Center  
  20  2:14  SCV  
  21  2:16  Barracks Reactor  
  21  2:19  Bunker  
  21  2:26  SCV  
  22  2:35  Barracks  
  22  2:38  Barracks  
  22  2:42  Supply Depot  
  22  2:45  SCV  
  23  3:01  SCV, Marine x2  
  26  3:06  Orbital Command  
  26  3:16  SCV, Engineering Bay  
  27  3:24  Marine x2  
  27  3:26  Barracks Tech Lab  
  27  3:27  Barracks Tech Lab  
  29  3:28  SCV  
  29  3:31  Factory  
  30  3:34  SCV, Refinery  
  31  3:43  Marine x2  
  33  3:57  SCV x2  
  33  4:01  Stimpack  
  33  4:02  Combat Shields  
  34  4:03  Marauder  
  36  4:16  Marauder, Marine x2  
  40  4:17  SCV  
  40  4:18  SCV  
  42  4:24  Supply Depot  
  42  4:26  Missile Turret  
  42  4:31  Missile Turret  
  42  4:34  SCV  
  42  4:37  SCV  
  44  4:46  SCV  
  44  4:49  SCV  
  44  4:52  Marauder  
  48  4:53  Marine, Marauder  
  48  4:54  Marine  
  48  4:59  SCV  
  53  5:01  SCV  
  53  5:04  Factory Reactor  
  53  5:05  Starport  
  54  5:11  SCV  
  55  5:14  Marine  
  55  5:15  Marauder, Marine  
  55  5:20  SCV  
  60  5:24  SCV  
  61  5:32  SCV  
  61  5:34  Marine  
  61  5:35  Marine  
  64  5:36  SCV, Marauder  
  67  5:52  SCV x2  
  67  5:53  Terran Infantry Weapons Level 1  
  69  5:57  Refinery  
  69  5:59  Command Center, Refinery  
  69  6:02  Medivac x2  
  74  6:04  SCV x2, Concussive Shells  
  74  6:06  Marauder, Marine  
  78  6:16  Supply Depot x2  
  78  6:21  Supply Depot  
  78  6:38  SCV x2, Marine x2  
  78  6:39  Marauder, Marine  
  85  6:41  Medivac x2  
  89  6:49  Barracks  
  89  6:50  SCV  
  90  6:54  SCV, Barracks  
  90  6:55  Engineering Bay  
  90  6:56  Marauder, Marine  
  90  6:58  Armory  
  94  7:02  SCV  
  95  7:10  Marine  
  95  7:11  Marauder  
  91  7:30  Marauder, Marine  
  91  7:31  Marine  
  91  7:32  SCV x2, Marauder  
  99  7:43  Terran Infantry Armor Level 1  
  99  7:44  SCV x2  
  101  7:48  Barracks Reactor  
  101  7:56  SCV x2, Supply Depot  
  101  7:58  Supply Depot  
  103  8:00  Supply Depot  
  103  8:02  Armory, Barracks  
  103  8:03  Barracks  
  103  8:05  Starport  
  103  8:07  Barracks  
  103  8:17  Barracks Tech Lab, Marauder  
  103  8:18  Marine  
  103  8:19  Marauder, Marine  
  109  8:20  Factory Reactor  
  109  8:21  Medivac x2  
  113  8:30  Marine x2  
  113  8:33  SCV x2  
  117  8:35  Planetary Fortress  
  117  8:36  Marine  
  118  8:45  SCV x2, Marauder x2  
  118  8:46  Marauder  
  126  8:51  Medivac x2  
  130  8:56  Missile Turret, Marine x3  
  130  8:57  SCV, Missile Turret  
  130  9:00  Barracks Reactor  
  130  9:01  Barracks Reactor  
  134  9:02  Barracks Tech Lab  
  134  9:07  Marauder  
  134  9:09  Starport Reactor  
  136  9:11  SCV x2  
  136  9:12  Terran Infantry Weapons Level 2  
  138  9:17  Refinery  
  138  9:21  Medivac  
  138  9:23  SCV, Marauder x3, Marine  
  140  9:32  Marauder, Widow Mine x2, Marine x3  
  146  9:42  Marine x5  
  146  9:44  SCV, Marauder  
  153  9:49  Refinery  
  143  10:09  Missile Turret  
  143  10:12  Command Center  
  143  10:13  Widow Mine x2  
  147  10:14  Marine  
  147  10:15  Marine x4  
  147  10:17  Medivac  
  157  10:31  Factory  
  157  10:35  Marine  
  155  10:36  Marauder  
  157  10:48  Marine x6  
  157  10:49  Marauder x2, Marine x2  
  169  10:53  Marine  
  170  11:01  Widow Mine x2  
  170  11:04  Supply Depot x3, Terran Infantry Armor Level 2  
  173  11:06  Terran Vehicle Weapons Level 1  
  173  11:12  Marauder x3, Marine x2  
  181  11:23  Factory Tech Lab  
  181  11:24  Marauder, Marine x5  
  188  11:45  Marine, Marauder x3  
  188  11:46  Marine x3, Marauder  
  200  11:51  Drilling Claws  
  200  11:55  Planetary Fortress  
  200  12:00  Missile Turret  
  200  12:17  Terran Infantry Weapons Level 3  
  200  12:21  Missile Turret  
  200  12:32  Command Center  
  198  13:05  Marauder  
  199  13:46  Marine, Marauder x2  
  197  14:15  Marauder  
  197  14:16  Marine  
  200  14:27  Refinery  
  200  14:31  Command Center  
  200  14:32  Refinery  
  200  14:33  Command Center  
  200  14:34  Command Center x2  
  200  14:35  Command Center  
  200  14:51  Barracks  
  200  14:54  Barracks  
  200  14:55  Barracks  
  200  14:58  Barracks  
  200  15:23  Terran Infantry Armor Level 3  
  200  15:25  Terran Vehicle Weapons Level 2  
  200  15:44  Barracks Tech Lab  
  200  15:45  Barracks Reactor  
  200  15:46  Barracks Reactor, Barracks Tech Lab  
  200  15:49  Planetary Fortress  
  200  16:11  Planetary Fortress  
  200  16:15  Building Armor  
  200  16:55  Planetary Fortress  
  200  17:08  Planetary Fortress  
  196  17:26  Missile Turret  
  196  17:28  Missile Turret  
  196  17:49  Starport  
  196  17:50  Refinery  
  196  17:52  Refinery  
  196  17:53  Marauder x2  
  196  17:55  Hi-Sec Auto Tracking, Orbital Command  
  196  17:56  Starport  
  200  18:20  Orbital Command  
  200  18:33  Terran Vehicle Weapons Level 3  
  200  18:35  Starport Tech Lab  
  200  18:36  Starport Tech Lab  
  180  19:26  Marauder x2  
  180  19:27  Marine, Marauder x4  
  180  19:28  Marine x11  
  180  19:29  Medivac x2  
  180  19:30  Medivac x2  
  180  19:31  Viking x2  
  172  19:38  Refinery  
  172  19:39  Refinery  
  155  19:45  Marine  
  155  19:48  Marauder x5  
  155  19:51  Marauder, Marine  
  155  19:52  Marine x10  
  169  19:59  Viking x2  
  169  20:00  Viking x3, Raven  
  173  20:03  Marine  
  172  20:09  Marauder, Marine  
  174  20:30  Raven  
  165  20:47  Marine x12  
  165  20:48  Marine x2  
  165  20:49  Marauder x3  
  165  20:50  Marauder  
  135  21:05  Marine x5  
  135  21:06  Marauder x2  
  135  21:10  Marauder  
  135  21:11  Marauder  
  136  21:17  Viking x4  
  119  21:18  Marine  
  119  21:19  Marine x6, Marauder x2  
  119  21:22  Marine  
  119  21:23  Marine x4  
  130  21:27  Marine x2  
  130  21:28  Viking x2  
  130  21:31  Marine x2  
  127  21:36  Marine  
  127  21:37  Marine x2  
  129  21:47  Viking x3  
  117  21:54  Marine  
  92  22:01  Marine, Marauder x5  
  92  22:02  Marine x10, Marauder  
  92  22:06  Viking x3  
  81  22:12  Marine  
  78  22:17  Viking x2  
  78  22:19  Marine  
  78  22:20  Marine x9  
  78  22:22  Viking, Marauder x2  
  93  22:28  Marauder  
  96  22:33  Widow Mine  
  96  22:34  Marauder, Widow Mine x2  
  96  22:36  Viking  
  92  22:44  Viking x2  
  92  22:47  Viking x2  
  92  22:48  Marine x6  
  92  22:49  Marine x6  
  92  22:50  Marine  
  113  23:00  Marine x2  
  113  23:02  Widow Mine x3  
  119  23:06  Marine x2  
  107  23:30  Widow Mine  
  107  23:31  Widow Mine  
  91  23:48  Marine  
Show
View Real Time Build Order
Export as new Build Order

Sneaky Protoss - Winner!

Build Orders:  

Get SALT Encoding   

  12  0:02  Probe (Chrono Boost)  
  13  0:13  Pylon  
  13  0:18  Probe (Chrono Boost)  
  14  0:28  Probe (Chrono Boost)  
  15  0:36  Gateway  
  15  0:45  Assimilator  
  15  0:46  Probe (Chrono Boost)  
  16  0:56  Probe (Chrono Boost)  
  17  1:00  Pylon  
  17  1:06  Probe (Chrono Boost)  
  18  1:14  Gateway  
  18  1:26  Cybernetics Core  
  18  1:29  Probe (Chrono Boost)  
  19  1:43  Probe (Chrono Boost)  
  19  1:44  Assimilator  
  20  1:49  Zealot  
  22  2:00  Forge  
  23  2:05  Warp Gate (Chrono Boost)  
  23  2:07  Mothership Core (Chrono Boost)  
  23  2:23  Stalker  
  23  2:26  Zealot  
  27  2:34  Photon Cannon  
  27  2:40  Probe (Chrono Boost)  
  28  2:54  Pylon  
  28  3:11  Stalker  
  28  3:12  Stalker  
  32  3:19  Pylon  
  32  3:39  Probe  
  33  4:19  Nexus  
  33  4:29  Protoss Ground Armor Level 1  
  33  4:30  Gateway  
  33  4:31  Probe  
  34  4:32  Gateway  
  34  4:36  Sentry x2  
  38  4:51  Pylon  
  38  4:56  Probe  
  39  5:10  Pylon  
  37  5:21  Probe  
  37  5:24  Zealot x2  
  42  5:31  Stargate  
  42  5:34  Probe  
  43  5:36  Probe  
  44  5:48  Probe  
  45  5:50  Probe, Stargate  
  46  5:59  Pylon  
  46  6:02  Probe  
  47  6:20  Photon Cannon  
  47  6:26  Zealot x3  
  47  6:27  Pylon  
  47  6:30  Void Ray (Chrono Boost)  
  57  6:44  Void Ray (Chrono Boost)  
  61  6:58  Photon Cannon  
  61  6:59  Zealot  
  61  7:01  Sentry  
  65  7:07  Sentry  
  67  7:10  Probe  
  67  7:12  Zealot  
  68  7:28  Void Ray (Chrono Boost), Phoenix (Chrono Boost)  
  70  7:31  Probe  
  70  7:33  Stalker  
  70  7:36  Probe  
  74  7:48  Probe, Photon Cannon  
  75  8:01  Void Ray (Chrono Boost)  
  75  8:04  Zealot  
  81  8:13  Probe x2  
  83  8:26  Phoenix (Chrono Boost)  
  83  8:34  Probe, Pylon  
  84  8:37  Assimilator  
  84  8:38  Probe  
  85  8:41  Assimilator  
  85  8:44  Pylon  
  85  8:46  Probe  
  86  9:05  Probe  
  86  9:33  Stalker x2  
  86  9:34  Stalker  
  86  9:35  Stalker  
  94  9:48  Probe  
  95  9:56  Protoss Air Weapons Level 1 (Chrono Boost)  
  95  9:57  Probe  
  96  10:00  Probe  
  96  10:01  Nexus, Phoenix (Chrono Boost)  
  96  10:05  Fleet Beacon  
  97  10:16  Protoss Shields Level 1 (Chrono Boost)  
  96  10:43  Probe  
  96  10:44  Probe  
  96  10:47  Carrier (Chrono Boost)  
  96  10:48  Carrier (Chrono Boost)  
  98  10:50  Pylon  
  98  10:52  Pylon  
  98  11:07  Zealot x2  
  114  11:20  Zealot x2  
  118  11:37  Graviton Catapult  
  118  11:53  Robotics Facility  
  118  12:01  Pylon  
  118  12:02  Phoenix (Chrono Boost)  
  118  12:03  Pylon  
  118  12:18  Pylon  
  118  12:19  Probe  
  118  12:21  Pylon  
  119  12:34  Protoss Ground Weapons Level 1  
  119  12:38  Twilight Council  
  119  12:44  Carrier (Chrono Boost)  
  119  12:49  Observer  
  119  12:50  Carrier (Chrono Boost)  
  125  13:05  Pylon  
  131  13:07  Pylon  
  137  13:23  Protoss Air Weapons Level 2 (Chrono Boost)  
  137  13:39  Carrier (Chrono Boost)  
  143  14:19  Carrier (Chrono Boost)  
  143  14:28  Charge  
  143  14:37  Observer  
  149  15:01  Warp Prism  
  151  15:10  Carrier (Chrono Boost)  
  157  15:47  Protoss Air Armor Level 1  
  157  15:52  Pylon  
  157  15:57  Pylon  
  157  16:13  Protoss Shields Level 2 (Chrono Boost)  
  157  16:22  Carrier (Chrono Boost)  
  157  16:28  Zealot  
  157  16:29  Zealot x3  
  171  17:02  Observer  
  172  17:39  Zealot  
  174  17:44  Pylon  
  174  17:45  Pylon, Protoss Air Weapons Level 3  
  174  18:23  Phoenix  
  174  19:00  Nexus  
  99  23:09  Observer  
Tags
 
Add a new tag
Caveats
  • Supply blocks, unpowered buildings, or Contaminate may cause inaccurate times.
  • Supply counts are checked every 10 seconds.